AoeStats
← スカムバッグ

Socotra

506884118Analyzed
4v4 RM · 16d ago on Sep 15, 2026· 31m 15s· 8 players
Game mode
Random Map
Map size
148×148
Population
200
Speed
Normal
Resources
Standard
Victory
Conquest
Starting age
Dark Age
Ending age
Imperial Age
RankedLock teamsTeams togetherTeam positionsShared explorationLock speedFull tech treeHidden civsTurbo modeCheats
Victory
Defeat
🇿🇦 Bulgarians · South Africa
1002
+14
🇨🇿 Dravidians · Czechia
965
+15
🇸🇰 Bengalis · Slovakia
965
+15
🇿🇦 Teutons · South Africa
853
+20
🇩🇪 Khmer · Germany
994
-18
🇲🇽 Persians · Mexico
943
-16
🇨🇿 Inca · Czechia
928
-15
🇦🇹 Vietnamese · Austria
922
-15
Manu2331
Pat-Rick4991
2:36 Loom
10:42 Feudal Age
12:44 Double-Bit Axe
12:52 Man-at-Arms
Chillpia
8:55 Loom
12:11 Feudal Age
13:42 Wheelbarrow
13:54 Fletching
14:33 Scale Mail Armor
18:46 Double-Bit Axe
19:39 Horse Collar
24:21 Castle Age
24:13 Padded Archer Armor
25:50 Hand Cart
25:35 Bodkin Arrow
27:57 Hand Cart
27:28 Town Watch
Mogador
9:58 Feudal Age
11:33 Bloodlines
14:18 Forging
13:58 Horse Collar
20:34 Fletching
23:37 Castle Age
21:51 Loom
23:52 Double-Bit Axe
Aballion
5:29 Loom
10:42 Feudal Age
11:07 Horse Collar
11:13 Double-Bit Axe
18:01 Fletching
27:56 Castle Age
27:59 Crossbowman
28:38 Bodkin Arrow
28:45 Padded Archer Armor
31:14 Gold Mining
31:14 Stone Mining
スカムバッグ
11:02 Feudal Age
12:05 Double-Bit Axe
14:37 Man-at-Arms
19:21 Castle Age
18:02 Scale Mail Armor
19:21 Long Swordsman
20:12 Forging
21:31 Iron Casting
22:57 Arson
22:59 Gambesons
26:15 Chain Mail Armor
30:18 Wheelbarrow
Fontein
12:59 Feudal Age
14:01 Feudal Age
12:17 Loom
14:27 Horse Collar
14:36 Double-Bit Axe
21:52 Castle Age
21:54 Fletching
Nordsturm
8:34 Loom
11:29 Feudal Age
12:19 Double-Bit Axe
12:15 Horse Collar
14:38 Arson
15:32 Forging
15:23 Scale Mail Armor
18:40 Wheelbarrow
24:18 Castle Age
25:12 Bow Saw
25:04 Heavy Plow
26:01 Hand Cart
26:45 Iron Casting
26:26 Chain Mail Armor
29:09 Gambesons
Connection lost

Rejoining the realm…

Still unreachable

The connection could not be restored.

Session expired

The server has moved on; the page needs a fresh start.